 Dungeon Crawl Stone Soup version 0.24.0-29-g8ce449bc06 (webtiles) character file.

Game seed: 13691826320845847697, levelgen mode: deterministic

9398 Iamsoldier the Fighter (level 11, -3/99 HPs)
             Began as a Minotaur Fighter on Nov 16, 2019.
             Was an Initiate of Gozag.
             Slain by a spiny frog (15 damage)
             ... on level 1 of the Lair of Beasts.
             The game lasted 00:36:14 (12235 turns).

Iamsoldier the Fighter (Minotaur Fighter)          Turns: 12235, Time: 00:36:15

Health: -3/99      AC: 20    Str: 31    XL:     11   Next: 22%
Magic:  10/10      EV:  6    Int:  5    God:    Gozag
Gold:   2029       SH: 18    Dex: 14    Spells: 10/10 levels left

rFire    . . .     SeeInvis .   a - +1 flail (protect)
rCold    . . .     Gourm    .   r - -1 large shield
rNeg     . . .     Faith    .   v - +0 chain mail
rPois    .         Spirit   .   (helmet restricted)
rElec    .         Reflect  .   G - scarf {repulsion}
rCorr    .         Harm     .   q - +0 pair of gloves
MR       .....                  (no boots)
Stlth    ..........             D - amulet of the acrobat
HPRegen  0.26/turn              t - +3 ring of dexterity
MPRegen  0.12/turn              z - +3 ring of strength

@: mighty, gold aura, protection aura, repel missiles
A: retaliatory headbutt, horns 2
a: Potion Petition, Call Merchant, Bribe Branch, Renounce Religion


You were on level 1 of the Lair of Beasts.
You worshipped Gozag.
Gozag was most pleased with you.
You were not hungry.

You visited 2 branches of the dungeon, and saw 10 of its levels.

You collected 2158 gold pieces.
You spent 39 gold pieces at shops.
You paid 90 gold pieces to Gozag.

Inventory:

Hand Weapons
 a - a +1 flail of protection (weapon)
 b - a +0 hunting sling
 d - the +3 falchion "Kuat" {venom, *Rage rPois rF+ Str+4}
   (You found it on level 7 of the Dungeon)

   It poisons the flesh of those it strikes.
   It affects your strength (+4).
   It protects you from fire.
   It protects you from poison.
   It may make you go berserk in combat.
Missiles
 l - 158 stones (quivered)
Armour
 q - a +0 pair of gloves (worn)
 r - a -1 large shield (worn)
 v - a +0 chain mail (worn)
 G - a scarf of repulsion (worn)
Jewellery
 i - an uncursed ring of stealth
 o - an uncursed ring of resist corrosion
 t - a +3 ring of dexterity (left hand)
 z - a +3 ring of strength (right hand)
 D - an amulet of the acrobat (around neck)
 F - an uncursed amulet of harm
Wands
 h - a wand of disintegration (9)
 w - a wand of enslavement (5)
 y - a wand of clouds (5)
 H - a wand of flame (29)
 L - a wand of iceblast (6)
Scrolls
 j - 6 scrolls of remove curse
 n - 2 scrolls of amnesia
 s - a scroll of blinking {unknown}
 B - a scroll of enchant armour {unknown}
 C - a scroll of fog {unknown}
 I - 3 scrolls of identify
 N - 2 scrolls of enchant weapon
Potions
 e - 2 potions of invisibility
 g - 2 potions of curing
 k - 4 potions of magic
 m - 4 potions of mutation
 p - 2 potions of lignification {unknown}
 u - 3 potions of heal wounds {unknown}
 x - a potion of degeneration {unknown}
 A - 2 potions of haste {unknown}
 E - 2 potions of ambrosia {unknown}
 J - a potion of brilliance {unknown}
 M - a potion of berserk rage {unknown}
Comestibles
 f - 8 rations


   Skills:
 + Level 10.1 Fighting
 * Level 9.3 Long Blades
 - Level 9.8 Maces & Flails
 + Level 10.1 Armour
 + Level 10.1 Shields


You had 10 spell levels left.
You didn't know any spells.
Your spell library contained the following spells:

 Spells                   Type           Power        Failure   Level  Hunger
 Animate Skeleton         Necr           N/A          100%        1    ##.....
 Apportation              Tloc           #.....       100%        1    ##.....
 Confusing Touch          Hex            #.....       100%        1    ##.....
 Pain                     Necr           #...         100%        1    ##.....
 Summon Small Mammal      Summ           #...         100%        1    ##.....
 Regeneration             Chrm/Necr      #.........   100%        3    ####...
 Vampiric Draining        Necr           #.........   100%        3    ####...
 Animate Dead             Necr           N/A          100%        4    #####..


Dungeon Overview and Level Annotations

Branches:
Dungeon (9/15)             Temple (0/1) D:4            Lair (1/6) D:9
    Orc: D:9-12

Altars:
Ashenzari
Dithmenos
Fedhas
Gozag
Hepliaklqana
Kikubaaqudgha
Qazlal
Sif Muna
Trog
Uskayaw
Vehumet
Wu Jian
Xom
Yredelemnul
Zin
The Shining One

Shops:
D:7 !

Annotations:
D:6 2 transporters, Ratty's ghost, novice DENe


Innate Abilities, Weirdness & Mutations

You reflexively headbutt those who attack you in melee.
You have a pair of horns on your head.


Message History

The eight-headed hydra bites you.
* * * LOW HITPOINT WARNING * * *
You feel better. You block the spiny frog's attack.
The eight-headed hydra bites you but does no damage.
You block the eight-headed hydra's attack.
The eight-headed hydra bites you but does no damage.
You block the eight-headed hydra's attack. x2
The eight-headed hydra bites you but does no damage.
The eight-headed hydra bites you!
* * * LOW HITPOINT WARNING * * *
The eight-headed hydra bites you!
* * * LOW HITPOINT WARNING * * *
You sock the eight-headed hydra!
You kill the eight-headed hydra!
The spiny frog stings you but does no damage.
You closely miss the spiny frog. You headbutt the spiny frog.
The spiny frog is lightly wounded.
The spiny frog stings you!
You die...
Your body crumbles into a pile of gold.

#.....)## .#
#.......##..#
#.......#....
#..........#
#........#.#
##......### #
#P.....##
##..F.#.....
#.$@##.....
#.### #.....
### #....
##.. ##


You could see a spiny frog.

Vanquished Creatures
  Erolcha (D:9)
  A hydra (Lair:1)
  A two-headed ogre (D:8)
  A komodo dragon (Lair:1)
  A troll (D:7)
  A hornet (D:9)
  A hippogriff (D:8)
  4 blink frogs (Lair:1)
  A spriggan (D:8)
  A wraith (D:7)
  2 basilisks
  9 yaks (D:9)
  A water moccasin (D:6)
  3 sky beasts
  3 porcupines (D:9)
  2 orc warriors
  A phantom (D:9)
  3 ice beasts
  7 ogres
  2 centaurs
  A crocodile (D:9)
  6 bullfrogs
  A wyvern skeleton (D:7)
  A scorpion (D:6)
  A water moccasin skeleton (D:6)
  2 crimson imps
  2 howler monkeys
  A centaur zombie (D:9)
  3 jellies (D:8)
  An orc priest (D:8)
  A bullfrog skeleton (D:5)
  6 orc wizards
  6 hounds
  2 centaur skeletons (D:7)
  5 iguanas
  5 worker ants
  2 killer bee zombies (D:7)
  2 hound skeletons (D:7)
  2 worker ant zombies (D:8)
  4 gnolls (D:6)
  18 adders
  A shadow imp (D:7)
  3 adder skeletons
  3 worms
  A dart slug (D:1)
  4 leopard geckos
  19 orcs
  3 giant cockroaches
  10 goblins
  7 hobgoblins
  13 jackals
  9 quokkas
  A ball python (D:3)
  8 bats
  7 frilled lizards
  6 kobolds
  A leopard gecko skeleton (D:4)
  A leopard gecko zombie (D:5)
  8 rats
223 creatures vanquished.

Vanquished Creatures (others)
  A bush (D:9)
  3 fungi (D:9)
  7 plants
11 creatures vanquished.

Grand Total: 234 creatures vanquished

Notes
Turn   | Place    | Note
-------+----------+-------------------------------------------
     0 | D:1      | Iamsoldier the Minotaur Fighter began the quest for the
                  | Orb.
     0 | D:1      | Reached XP level 1. HP: 19/19 MP: 0/0
   167 | D:1      | Reached XP level 2. HP: 27/27 MP: 1/1
   665 | D:1      | Reached XP level 3. HP: 28/33 MP: 2/2
  1219 | D:2      | Found a radiant altar of Vehumet.
  1843 | D:2      | Reached XP level 4. HP: 39/40 MP: 3/3
  2777 | D:3      | Found a shattered altar of Ashenzari.
  2783 | D:3      | Found an ancient bone altar of Kikubaaqudgha.
  2783 | D:3      | Found an ornate altar of the Wu Jian Council.
  2783 | D:3      | Found a hazy altar of Hepliaklqana.
  2785 | D:3      | Found an opulent altar of Gozag.
  2788 | D:3      | Found a shimmering blue altar of Sif Muna.
  2796 | D:3      | Became a worshipper of Gozag Ym Sagoz the Greedy
  2871 | D:3      | Found a basalt altar of Yredelemnul.
  3330 | D:3      | Reached XP level 5. HP: 47/47 MP: 4/4
  3366 | D:3      | Found a shimmering blue altar of Sif Muna.
  3490 | D:3      | Found a shadowy altar of Dithmenos.
  3919 | D:4      | Noticed an ogre
  3933 | D:4      | Killed an ogre
  3933 | D:4      | Reached skill level 5 in Maces & Flails
  3936 | D:4      | Reached XP level 6. HP: 38/55 MP: 5/5
  3939 | D:4      | Reached skill level 5 in Shields
  4007 | D:4      | Reached skill level 5 in Fighting
  4007 | D:4      | Reached skill level 5 in Armour
  4027 | D:4      | Found a staircase to the Ecumenical Temple.
  4252 | D:4      | Found a hide-covered altar of Uskayaw.
  4445 | D:4      | Found a shimmering altar of Xom.
  4487 | D:5      | Entered Level 5 of the Dungeon
  4583 | D:5      | Reached XP level 7. HP: 46/61 MP: 6/6
  5362 | D:5      | Found a blossoming altar of Fedhas.
  5787 | D:6      | Found a bloodstained altar of Trog.
  6006 | D:6      | Reached XP level 8. HP: 51/70 MP: 7/7
  8019 | D:6      | Found a transporter.
  8024 | D:6      | Noticed Ratty's ghost (novice DENe)
  8025 | D:6      | Found a transporter.
  8027 | D:6      | Identified the cursed +1 dire flail "Aligam" {speed, rElec
                  | Int+9 Dex-5 Stlth+}
  8027 | D:6      | Noticed a two-headed ogre
  8045 | D:6      | Found a shadowy altar of Dithmenos.
  8486 | D:7      | Found Viptiopn's Distillery.
  8517 | D:7      | Bought a potion of curing for 39 gold pieces
  8596 | D:7      | Reached XP level 9. HP: 70/79 MP: 8/8
  8704 | D:7      | Noticed a troll
  8709 | D:7      | Killed a troll
  8718 | D:7      | Identified the +3 falchion "Kuat" {venom, *Rage rPois rF+
                  | Str+4} (You found it on level 7 of the Dungeon)
  8946 | D:7      | Reached skill level 1 in Long Blades
  9712 | D:8      | Noticed a two-headed ogre
  9722 | D:8      | Killed a two-headed ogre
  9722 | D:8      | Reached skill level 5 in Long Blades
  9722 | D:8      | Reached XP level 10. HP: 54/90 MP: 9/9
 10411 | D:9      | Found a staircase to the Lair.
 10904 | D:9      | Found a glowing silver altar of Zin.
 10971 | D:9      | Noticed Erolcha
 10986 | D:9      | Killed Erolcha
 11275 | D:9      | Found a stormy altar of Qazlal.
 11387 | D:9      | Found a glowing golden altar of the Shining One.
 11662 | Lair:1   | Entered Level 1 of the Lair of Beasts
 11672 | Lair:1   | Reached XP level 11. HP: 99/99 MP: 10/10
 11742 | Lair:1   | Reached skill level 10 in Fighting
 11742 | Lair:1   | Reached skill level 10 in Shields
 11906 | Lair:1   | Reached skill level 10 in Armour
 11916 | Lair:1   | Noticed a four-headed hydra
 12234 | Lair:1   | Killed an eight-headed hydra
 12235 | Lair:1   | Slain by a spiny frog

Levels and vault maps discovered:
D:1:      scummos_arrival_checkerplants, layout_loops_ring
D:2:      layout_loops_corners, fiery_altar_vehumet, first_ration,
          serial_co_window_serial, co_window_of_opportunity_a,
          co_window_paths_a, co_window_paths_b, co_window_of_opportunity_a,
          co_window_corner_a, co_window_of_opportunity_a, co_window_paths_a,
          co_window_corner_ca, co_window_corner_cb, co_window_of_opportunity_b,
          co_window_corner_b, co_window_paths_c, co_window_paths_d,
          glass_columns_c, minmay_tromino_i2
D:3:      layout_rooms, nicolae_overflow_crystal_walls, marbit_many_paths,
          minitemple, grunt_decor_one_mirror, lemuel_tele_altar
D:4:      layout_rooms, lemuel_crystal_altar, lemuel_coloured_pillars_altar,
          minmay_temple_entry_trees, st_stairs_5
D:5:      layout_basic, nicolae_overflow_hidden_temple, minmay_misc_feat_rugged
D:6:      layout_cave_pools, gammafunk_ghost_smash, basic_altar,
          nrook_mini_backslash, trog_butcher_becter
D:7:      minmay_the_grid_four_pointed_star
          [minmay_the_grid_triangle_9x9_wacky_v,
          minmay_the_grid_triangle_9x9_dagger,
          minmay_the_grid_triangle_9x9_limited_checkers,
          minmay_the_grid_triangle_9x9_zippers_horizontal,
          minmay_the_grid_prize_inner_circle], layout_loops_ring, serial_shops,
          shop_coins, enter_bailey_6
D:8:      layout_loops_cross, grunt_ministairs_13, grunt_pizzeria
D:9:      layout_roguey, lemuel_crystal_altar, old_standard_altar,
          kennysheep_mini, minmay_lair_entry_grove, uniq_erolcha
Lair:1:   layout_cave_pods, gammafunk_ghost_berserking_beasts,
          fungi_pond_lemuel, grunt_megastairs_3, uniq_harold

Skill      XL: |  1  2  3  4  5  6  7  8  9 10 11 |
---------------+----------------------------------+-----
Maces & Flails | 3 4 5 6 7 9 |  9.8
Armour         | 4 5 6 7 8 9 10 | 10.1
Shields        | 4 5 6 7 8 9 10 | 10.1
Fighting       | 4 5 6 7 8 9 10 | 10.1
Long Blades    | 5 8 9 |  9.3

Action                   |  1- 3 |  4- 6 |  7- 9 | 10-12 || total
-------------------------+-------+-------+-------+-------++-------
Melee: Flail             |   108 |   185 |   233 |     5 ||   531
       Headbutt          |    14 |    24 |    71 |    60 ||   169
       Falchion          |       |       |    68 |   177 ||   245
Invok: Potion Petition   |       |     1 |       |       ||     1
  Use: Scroll            |     2 |     1 |     4 |     1 ||     8
       Potion            |       |     1 |     1 |     3 ||     5
 Stab: Distracted        |       |       |     1 |     2 ||     3
  Eat: Chunk             |     3 |     4 |       |       ||     7
       Ration            |       |     1 |     5 |     3 ||     9
Armor: Scale mail        |    35 |    38 |       |       ||    73
       Chain mail        |       |    47 |   121 |    65 ||   233
Dodge: Dodged            |    40 |    42 |    36 |    44 ||   162
       Deflected         |       |       |     2 |     1 ||     3
Block: Shield            |    58 |    44 |       |       ||   102
       Large shield      |       |    82 |   221 |   141 ||   444
       Rpst.: Falchion   |       |       |     2 |     5 ||     7
